Semilg, neutral female sylph Healer --------- ----- |....^..| |.... ------ ..(......# #..*.| #.....| ---------# #|...| #|....| # #|....# #|.<..| # #|...|# #------ # #-----# ### # ## # # # # # ###### # # # # #--.---# # # ###|...>-# # #@d#########`#|....| # j-----# |..%.| ####|....########|....| # |...|# ------ +....# |...| |...| ----- Semilg the Rhizotomist Experience level: 2 Strength: 9 Dexterity: 10 Constitution: 16 Intelligence: 8 Wisdom: 16 Charisma: 16 Health: 0(24) Energy: 19(19) Def: 2 Gold: 1520 Moves: 1045 Dungeon seed: bgdATTLCYs5vCykk Game ID: Semilg_1552916003 Your Inventory: Coins $ - 1520 gold pieces Weapons a - a blessed +0 scalpel (weapon in hand) Armor e - an uncursed +1 pair of leather gloves (being worn) n - a blessed +0 pair of gauntlets of dexterity y - an uncursed +0 orcish helm Comestibles o - 5 uncursed apples w - 2 uncursed food rations Scrolls s - an uncursed scroll of light t - an uncursed scroll of water v - an uncursed scroll of teleportation z - an uncursed scroll of scare monster Spellbooks h - a blessed spellbook of healing i - a blessed spellbook of extra healing j - a blessed spellbook of stone to flesh x - an uncursed spellbook of confuse monster Potions c - 4 uncursed potions of healing d - 2 blessed potions of extra healing f - 2 uncursed potions of extra healing p - an uncursed potion of gain energy Rings r - an uncursed ring of fire resistance Wands g - an uncursed wand of sleep (0:7) u - an uncursed wand of sleep (0:6) E - a cursed wand of lightning (0:4) Tools b - an uncursed stethoscope q - an uncursed magic harp (0:0) Spells and supernatural/magical abilities: Name Level Category Fail Memory h - healing 1 healing 15% 95% x - extra healing 3 healing 100% 95% S - stone to flesh 3 healing 100% 95% W - pray for help -- divine ? -- Your skills at the end: Miscellaneous Skills wands [Basic] Weapon Skills knife [Basic] Spellcasting Skills healing spells [Basic] Final Attributes: You were devoutly aligned. You were poison resistant. You saw invisible. You were very stealthy. You were protected from shape changers. You are dead. Vanquished creatures: a floating eye a brown mold 2 jackals a kobold 4 newts 2 goblins 2 sewer rats 2 grid bugs a kobold zombie 16 creatures vanquished. Voluntary challenges: You followed a strict vegan diet. You did not adorn yourself with jewelry or accessories. You did not cause conflict. You were not invisible. You did not have reflection. You were not displaced. You were an atheist. You used a wielded weapon 26 times, starting on turn 56. You did not use tools. You did not use plumbed fixtures. You did not drink any magical draughts. You were illiterate. You never genocided any monsters. You never polymorphed an object. You never changed form. You used no wishes. You never split a pudding. You never wrote Elbereth's name. You never violated your personal moral code. Dungeon overview: The Dungeons of Doom: levels 1 to 4 Level 1 some fountains a long staircase Level 2 some fountains, a sink Level 3 <- You were here Level 4 a fountain, a sink stairs to The Gnomish Mines The Gnomish Mines: Level 5 stairs to The Dungeons of Doom History has recorded: On T:1 you entered the Dungeons of Doom to retrieve the Amulet of Yendor! On T:334 you reached level 2 of The Dungeons of Doom. On T:553 you advanced to experience level 2. On T:832 you reached level 3 of The Dungeons of Doom. On T:855 you reached level 4 of The Dungeons of Doom. On T:930 you reached level 1 of The Gnomish Mines. Score breakdown: Gold: 343 ( 34 points) Experience: 2 levels ( 100 points) Exploration: 5 levels ( 120 points) Discoveries: 9 items ( 450 points) Variety of kills: 9 monsters ( 450 points) Major goal: (nothing yet) ( 0 points) Survival: died (score multiplied by 3) Total score: 3462 Latest messages: You are beginning to feel weak. You stop exploring. This clove of garlic is delicious! You don't feel so weak now. You finish eating the clove of garlic. This clove of garlic is delicious! You finish eating the clove of garlic. This clove of garlic is delicious! You finish eating the clove of garlic. You slash the acid blob. The acid blob is moderately damaged. Your scalpel is not affected. You try to draw healing from your surroundings, but they are blocked off from your skin. You slash the acid blob. The acid blob is heavily damaged. You hack the acid blob. The acid blob is almost dead. You are splashed by the acid blob's acid! You die... Final status: Goodbye Semilg the Healer, killed by an acid blob... You died in The Dungeons of Doom on dungeon level 3 with 3462 points, and 1520 pieces of gold, after 1045 moves. You were level 2 with a maximum of 24 hit points when you died.